 Dungeon Crawl Stone Soup version 0.23-a0-359-g9beedce (webtiles) character file.

1050 tsouns the Cudgeler (level 8, -1/56 HPs)
             Began as an Octopode Wanderer on Oct 23, 2018.
             Was an Initiate of Ashenzari.
             Slain by a hound (3 damage)
             ... on level 5 of the Dungeon.
             The game lasted 00:11:15 (5286 turns).

tsouns the Cudgeler (Octopode Wanderer)             Turns: 5286, Time: 00:11:16

Health: -1/56      AC:  1    Str: 13    XL:     8   Next: 26%
Magic:  9/9        EV: 10    Int: 14    God:    Ashenzari [......]
Gold:   226        SH:  9    Dex: 12    Spells: 9/9 levels left

rFire    . . .     SeeInvis .   a - +3 mace
rCold    . . .     Gourm    .   t - +0 shield
rNeg     . . .     Faith    .   (helmet restricted)
rPois    .         Spirit   .   D - amulet of regeneration
rElec    .         Reflect  .   (no ring)
rCorr    .         Harm     .   (no ring)
MR       .....                  (no ring)
Stlth    +++.......             (no ring)
HPRegen  0.58/turn              (no ring)
MPRegen  0.11/turn              (no ring)
                                (no ring)
                                (no ring)

@: no status effects
A: almost no armour, stealthy swim, amphibious, 8 rings, constrict 8, camouflage
1, gelatinous body 1
a: Curse Item, Renounce Religion


You were on level 5 of the Dungeon.
You worshipped Ashenzari.
Ashenzari was noncommittal.
You were hungry.

You visited 2 branches of the dungeon, and saw 7 of its levels.

You collected 226 gold pieces.

Inventory:

Hand Weapons
 a - a +3 mace (weapon)
 b - a +0 hand axe
 u - a +0 hunting sling
Missiles
 h - 4 tomahawks (quivered)
 i - 199 stones
 j - 64 bolts
 n - 2 curare-tipped needles
 s - 30 arrows
 y - 42 sling bullets
 z - 8 needles of confusion
Armour
 t - a +0 shield (worn)
Jewellery
 D - an amulet of regeneration (around mantle)
Wands
 c - a wand of flame (26)
 E - a wand of polymorph (12)
Scrolls
 m - a scroll of identify
 o - 3 scrolls of amnesia
 p - a scroll of random uselessness {unknown}
 w - a scroll of immolation
 x - 2 scrolls of remove curse
 F - 2 scrolls of fear {unknown}
Potions
 e - 2 potions of haste
 f - a potion of brilliance
 g - a potion of lignification {unknown}
 k - a potion of mutation
 l - 2 potions of flight
 q - a potion of heal wounds
 r - a potion of agility
 A - a potion of ambrosia {unknown}
 C - 2 potions of might {unknown}
Comestibles
 d - 8 rations


   Skills:
 + Level 5.4 Fighting
 + Level 6.7 Maces & Flails
 - Level 3.6 Stealth
 + Level 4.6 Shields
 - Level 1.0 Spellcasting
   Level 1.0 Earth Magic
   Level 1.2 Poison Magic
 - Level 1.1 Evocations


You had 9 spell levels left.
You didn't know any spells.
Your spell library was empty.

Dungeon Overview and Level Annotations

Branches:
Dungeon (6/15)             Temple (1/1) D:5

Altars:
Ashenzari
Cheibriados
Elyvilon
Fedhas
Hepliaklqana
Okawaru
Qazlal
Trog
Wu Jian
Zin
The Shining One

Annotations:
D:5 Blork the orc, Menkaure


Innate Abilities, Weirdness & Mutations

You cannot wear most types of armour.
You are very stealthy in the water. (Stealth+)
You are amphibious.
You can wear up to eight rings at the same time.
You can use your tentacles to constrict eight enemies at once.
Your skin changes colour to match your surroundings (Stealth+).
Your rubbery body absorbs attacks. (AC +1, EV +1)


Message History

You constrict the hound, but do no damage.
The hound bites you.
* * * LOW HITPOINT WARNING * * *
You block the orc's attack. You block the hound's attack.
You release your grip on the hound.
An ooze comes into view.
Unknown command.
The hound barely misses you.
You hit the ooze. Your squeeze misses the ooze.
The ooze is heavily wounded.
The hound bites you.
* * * LOW HITPOINT WARNING * * *
The orc hits you with a bloodstained whip.
* * * LOW HITPOINT WARNING * * *
The ooze hits you.
* * * LOW HITPOINT WARNING * * *
The hound bites you.
* * * LOW HITPOINT WARNING * * *
The hound bites you.
You die...

##########
.........#
.........#########
J........#.......#
.................+
...........8@....##
..........ohJ.......
#.....>............
#....#.P.8.##.####.
#... #.†##..#.# #..
#..###.#.# #. #..#
.... # #..? ....
##.#. .#.##


You could see a hound, an ooze and an orc.

Vanquished Creatures
  Sigmund (D:3)
  An ogre (D:5)
  2 centaurs
  A bullfrog (D:6)
  A howler monkey (D:4)
  A centaur zombie (D:5)
  An orc priest (D:6)
  2 hounds
  2 jellies (D:6)
  3 orc wizards
  A bullfrog skeleton (D:5)
  Ijyb (D:3)
  3 worker ant zombies (D:5)
  Robin (D:3)
  3 gnolls (D:6)
  4 adders
  2 shadow imps
  5 oozes
  An adder zombie (D:6)
  4 worms
  4 leopard geckos
  9 orcs
  7 bats
  4 giant cockroaches
  12 goblins
  10 hobgoblins
  6 jackals
  6 kobolds
  3 quokkas
  2 ball pythons (D:5)
  3 frilled lizards
  A leopard gecko zombie (D:5)
  A quokka skeleton (D:6)
  5 rats
  A plant (D:3)
114 creatures vanquished.

Notes
Turn   | Place    | Note
-------+----------+-------------------------------------------
     0 | D:1      | tsouns the Octopode Wanderer began the quest for the Orb.
     0 | D:1      | tsouns set off with: a +2 mace, a +0 hand axe, a potion of
                  | curing, a ration
     0 | D:1      | Reached XP level 1. HP: 13/13 MP: 2/2
   204 | D:1      | Reached XP level 2. HP: 18/18 MP: 3/3
   483 | D:1      | Reached XP level 3. HP: 18/24 MP: 4/4
  1074 | D:2      | Reached XP level 4. HP: 20/29 MP: 5/5
  2037 | D:3      | HP: 1/30 [orc/+0 trident (10)]
  2240 | D:3      | Noticed Ijyb
  2249 | D:3      | Killed Ijyb
  2249 | D:3      | Reached skill level 1 in Shields
  2249 | D:3      | Reached XP level 5. HP: 13/36 MP: 6/6
  2294 | D:3      | Noticed Sigmund
  2431 | D:3      | Killed Sigmund
  2431 | D:3      | Reached skill level 5 in Maces & Flails
  2431 | D:3      | Reached XP level 6. HP: 26/42 MP: 7/7
  2735 | D:3      | Noticed Robin
  2742 | D:3      | Killed Robin
  3548 | D:4      | Reached XP level 7. HP: 47/48 MP: 8/8
  3841 | D:5      | Entered Level 5 of the Dungeon
  3965 | D:5      | Noticed Menkaure
  4115 | D:5      | Reached skill level 6 in Maces & Flails
  4239 | D:5      | Found a staircase to the Ecumenical Temple.
  4257 | Temple   | Entered the Ecumenical Temple
  4455 | Temple   | Became a worshipper of Ashenzari the Shackled
  4660 | D:5      | Noticed Blork the orc
  4675 | D:5      | Noticed Blork
  4992 | D:6      | Reached skill level 5 in Fighting
  5030 | D:6      | Reached XP level 8. HP: 52/55 MP: 9/9
  5284 | D:5      | HP: 1/56 [hound (4)]
  5286 | D:5      | Slain by a hound

Vault maps used:
D:1:      lightli_arrival_statuegarden
D:2:      first_ration
D:3:      serial_forest, infiniplex_forest_straight_1,
          infiniplex_forest_lined_room_, infiniplex_forest_corner_1,
          infiniplex_forest_lined_4_way, infiniplex_forest_lined_room_,
          infiniplex_forest_straight_1, infiniplex_forest_zigzag_1,
          infiniplex_forest_end_1, infiniplex_forest_straight_4,
          patterned_corridor, uniq_sigmund, uniq_ijyb, uniq_robin
D:4:      nicolae_overflow_hidden_temple
D:5:      cheibrodos_helix_gallery, grunt_temple_overflow_diamond,
          minmay_temple_entry_statues, serial_undead, serial_undead_e,
          serial_undead_c, serial_undead_d, serial_undead_c, uniq_menkaure,
          uniq_pikel, uniq_blork_the_orc
D:6:      lemuel_crystal_altar
Temple:   minmay_temple_curvy_loop

Skill      XL: |  1  2  3  4  5  6  7 |
---------------+----------------------+-----
Stealth        | 2 3 |  3.6
Fighting       | 2 3 4 5 |  5.4
Shields        | 1 2 4 |  4.6
Maces & Flails | 5 6 |  6.7
Spellcasting   | |  1.0
Earth Magic    | |  1.0
Poison Magic   | |  1.2
Evocations     | |  1.1

Action                   |  1- 3 |  4- 6 |  7- 9 || total
-------------------------+-------+-------+-------++-------
Melee: Mace              |    61 |   111 |    99 ||   271
       Constrict         |    12 |    26 |    22 ||    60
       Tentacles         |     5 |    26 |    21 ||    52
Evoke: Wand              |       |       |     8 ||     8
  Use: Potion            |       |     1 |     9 ||    10
       Scroll            |       |     8 |     1 ||     9
 Stab: Sleeping          |     7 |     4 |     3 ||    14
  Eat: Chunk             |       |     5 |     5 ||    10
       Ration            |       |     1 |       ||     1
Armor: Skin              |     6 |     3 |     3 ||    12
Dodge: Dodged            |    32 |    30 |    28 ||    90
Block: Shield            |       |    19 |    31 ||    50

Table legend:
 A = Non-vault XP
 B = Vault XP
 C = Vault XP percentage of total XP
 D = Non-vault monster count
 E = Vault monster count
 F = Vault count percentage of total count
                 A         B        C        D         E       F
            +---------+---------+-------+---------+---------+-------
      Total |    1003 |     497 |  33.1 |      92 |      21 |  18.6
            +---------+---------+-------+---------+---------+-------
        D:1 |      42 |       0 |   0.0 |      18 |       0 |   0.0
        D:2 |      91 |       0 |   0.0 |      27 |       0 |   0.0
        D:3 |      37 |     306 |  89.2 |       9 |      15 |  62.5
        D:4 |     164 |       0 |   0.0 |       9 |       0 |   0.0
        D:5 |     184 |     191 |  50.9 |      12 |       6 |  33.3
        D:6 |     485 |       0 |   0.0 |      17 |       0 |   0.0
            +---------+---------+-------+---------+---------+-------
